Map: Lost and Found LE

Players

Zest

  • Race: Protoss Protoss
  • League: Master
  • Spawn Location: 1:00

liquidthermy (uThermal) - Winner!

  • Race: Terran Terran
  • League: Master
  • Spawn Location: 7:00

Event: HomeStory Cup XVIII

VOD

Have the link to the VOD?

Description

Time

  • Played on: Nov. 25, 2018, 10:19 a.m.
  • Length: 5:09

All games in this series

Show
View Real Time Build Order
Export as new Build Order

Zest Protoss 

Build Orders:  

Get SALT Encoding   

  12  0:00  Probe  
  13  0:12  Probe  
  14  0:17  Pylon  
  14  0:25  Probe  
  15  0:37  Gateway, Probe  
  16  0:48  Pylon  
  16  0:49  Probe  
  17  0:53  Assimilator  
  17  1:01  Probe  
  18  1:07  Gateway  
  18  1:13  Probe  
  19  1:25  Probe  
  20  1:26  Cybernetics Core  
  20  1:31  Zealot  
  22  1:36  Assimilator  
  22  1:41  Probe  
  23  1:53  Probe, Stalker  
  23  1:54  Stalker  
  24  1:58  Warp Gate  
  24  2:06  Probe  
  29  2:18  Pylon  
  29  2:24  Stalker  
  29  2:26  Stalker  
  30  2:36  Probe  
  33  2:48  Probe  
  32  3:00  Probe  
  33  3:12  Probe  
  33  3:14  Nexus  
  34  3:25  Probe  
  34  3:27  Gateway  
  34  3:34  Pylon  
  34  3:37  Probe  
  31  3:49  Probe  
  27  4:01  Probe, Stalker  
  27  4:03  Stalker  
  29  4:12  Probe  
  30  4:20  Probe  
  30  4:24  Sentry x2  
  35  4:25  Probe  
  35  4:26  Sentry  
  35  4:28  Probe  
  38  4:33  Probe  
  40  4:39  Probe  
Show
View Real Time Build Order
Export as new Build Order

liquidthermy Terran - Winner!

Build Orders: Cyclone Opening 

Get SALT Encoding   

  12  0:01  SCV  
  13  0:13  SCV  
  14  0:17  Supply Depot  
  14  0:25  SCV  
  15  0:38  SCV  
  15  0:39  Barracks  
  16  0:45  Refinery  
  16  0:50  SCV  
  17  0:57  Refinery  
  17  1:03  SCV  
  18  1:15  SCV  
  19  1:26  Reaper  
  19  1:27  Orbital Command  
  20  1:35  Supply Depot  
  20  1:43  Factory  
  20  1:53  Bunker  
  20  1:57  SCV  
  21  2:01  Reaper  
  22  2:09  SCV  
  23  2:23  SCV  
  23  2:26  Factory Tech Lab  
  24  2:35  Reaper  
  24  2:36  SCV  
  26  2:44  Supply Depot, Cyclone  
  29  3:00  SCV  
  29  3:10  Supply Depot  
  29  3:13  SCV  
  29  3:17  Command Center  
  29  3:19  Cyclone  
  33  3:25  SCV  
  34  3:37  SCV  
  35  3:49  SCV  
  35  4:01  SCV  
  35  4:02  Siege Tank  
  38  4:05  Barracks  
  38  4:06  Barracks  
  38  4:07  Barracks Reactor  
  37  4:11  Bunker  
  37  4:13  SCV  
  38  4:25  SCV  
  38  4:29  Orbital Command  
  39  4:33  Starport  
  42  4:40  SCV  
  42  4:44  Marine x2  
Tags
 
Add a new tag
Caveats
  • Supply blocks, unpowered buildings, or Contaminate may cause inaccurate times.
  • Supply counts are checked every 10 seconds.